AoeStats
← _vishi_

African Clearing

510505415Analyzed
4v4 RM · 16h ago on Oct 1, 2026· 20m 23s· 8 players
Game mode
Random Map
Map size
Large (8 player)
Population
200
Speed
Normal
Resources
Standard
Victory
Conquest
Starting age
Dark Age
Ending age
Imperial Age
RankedLock teamsTeams togetherTeam positionsShared explorationLock speedFull tech treeHidden civsTurbo modeCheats
Victory
Defeat
🇮🇳 Ethiopians · India
1411
+14
🇨🇳 Japanese · China
1407
+14
🇹🇼 Hindustanis · Taiwan
1367
+16
🇦🇷 Varangians · Argentina
1366
+16
🇫🇷 Romans · France
1457
-18
🇸🇪 Huns · Sweden
1370
-15
🇸🇪 Tatars · Sweden
1367
-15
🇨🇳 Britons · China
1291
-12
_vishi_
6:08 Loom
13:08 Feudal Age
14:35 Double-Bit Axe
17:10 Castle Age
15:12 Fletching
17:12 Wheelbarrow
17:53 Bodkin Arrow
疫拳抄人
14:27 Feudal Age
18:12 Castle Age
16:11 Double-Bit Axe
16:17 Horse Collar
20:26 Bow Saw
20:47 Heavy Plow
11HQQQQ
14:03 Feudal Age
20:41 Castle Age
knife
12:14 Loom
14:28 Feudal Age
15:14 Fishing Lines
16:11 Double-Bit Axe
22:00 Castle Age
20:20 Bloodlines
Stuve
10:58 Loom
13:15 Feudal Age
14:52 Double-Bit Axe
14:48 Horse Collar
17:42 Castle Age
19:25 Bow Saw
Lil Xavier
11:36 Loom
11:42 Loom
11:48 Loom
13:51 Feudal Age
14:37 Double-Bit Axe
17:47 Castle Age
15:42 Man-at-Arms
16:26 Scale Mail Armor
16:30 Horse Collar
17:23 Loom
我是D头大哥
4:33 Loom
12:44 Feudal Age
20:51 Castle Age
19:58 Fletching
20:03 Double-Bit Axe
EVA_Rinocherino
13:28 Feudal Age
11:47 Loom
14:46 Town Watch
16:06 Wheelbarrow
15:35 Double-Bit Axe
19:59 Castle Age
18:26 Gold Mining
19:09 Fletching
19:42 Bloodlines
20:24 Padded Archer Armor
Connection lost

Rejoining the realm…

Still unreachable

The connection could not be restored.

Session expired

The server has moved on; the page needs a fresh start.